 Dungeon Crawl Stone Soup version 0.29.1-15-g9cfb28693d (webtiles) character file.

Game seed: 14736392367555926123

11001 sweetbreads the Earth Mage (level 11, -2/64 HPs)
             Began as a Gargoyle Earth Elementalist on Mar 20, 2023.
             Was an Elder of Vehumet.
             Killed from afar by a gargoyle (23 damage)
             ... with a stone arrow
             ... on level 10 of the Dungeon.
             The game lasted 00:59:46 (12024 turns).

sweetbreads the Earth Mage (GrEE)                  Turns: 12024, Time: 00:59:47

Health: -2/64      AC: 20    Str: 12    XL:     11   Next: 70%
Magic:  8/17       EV: 16    Int: 30    God:    Vehumet [****..]
Gold:   420        SH:  0    Dex: 15    Spells: 4/18 levels left

rFire   . . .      SeeInvis +   a - +1 morningstar of Ru's Castigation {pain, Int+3 Dex+5}
rCold   . . .      Faith    .   (no shield)
rNeg    + . .      Spirit   .   u - +1 ring mail of Happy Babbling {Will++ Int+7}
rPois   ∞          Reflect  .   B - +1 hat
rElec   +          Harm     .   i - +1 cloak
rCorr   .          Rampage  .   n - +1 pair of gloves
Will    ++...                   (no boots)
Stlth   ++........              (no amulet)
HPRegen 0.20/turn               g - ring of see invisible
MPRegen 0.15/turn               h - +4 ring of evasion

@: no status effects
A: sickness immunity, AC +8, negative energy resistance 1, electricity
resistance, torment resistance 1, petrification resistance
a: Renounce Religion


You were on level 10 of the Dungeon.
You worshipped Vehumet.
Vehumet was greatly pleased with you.
You visited 2 branches of the dungeon, and saw 11 of its levels.
You also visited: Sewer and Bailey.

You collected 636 gold pieces.
You spent 216 gold pieces at shops.

Inventory:

Hand Weapons
 a - the +1 morningstar of Ru's Castigation (weapon) {pain, Int+3 Dex+5}
   (You bought it in a shop on level 2 of the Dungeon)

   In the hands of one skilled in necromantic magic, it inflicts extra damage on
   living creatures.
   Int:       It affects your intelligence (+3).
   Dex:       It affects your dexterity (+5).
 b - a +0 flail of venom
 c - a +4 quarterstaff of venom
 k - a +1 dagger of draining
 I - a +3 morningstar
 J - a +2 short sword of speed
 O - a +0 antimagic scythe
 R - a +0 rapier of flaming
Missiles
 G - 3 throwing nets
 Q - 10 poisoned darts (quivered)
Armour
 i - a +1 cloak (worn)
 n - a +1 pair of gloves (worn)
 u - the +1 ring mail of Happy Babbling (worn) {Will++ Int+7}
   (You found it on level 3 of the Dungeon)

   Int:       It affects your intelligence (+7).
   Will:      It greatly increases your willpower.
 x - a +2 robe of fire resistance
 z - a +2 robe of resistance
 B - a +1 hat (worn)
 F - the +0 ring mail of Freedom {+Inv rC+ rCorr Int+4}
   (You found it in a bailey)

   Int:       It affects your intelligence (+4).
   rC:        It protects you from cold.
   +Inv:      It lets you turn invisible.
   rCorr:     It protects you from acid and corrosion.
 K - a +2 scale mail of willpower
 M - a +1 robe of fire resistance
 P - a +2 robe of positive energy
 S - a +1 leather armour of willpower
Magical Staves
 D - a staff of conjuration
Jewellery
 e - a ring of protection from cold
 g - a ring of see invisible (left hand)
 h - a +4 ring of evasion (right hand)
Wands
 y - a wand of polymorph (24)
 C - a wand of quicksilver (7)
 T - a wand of flame (3)
Scrolls
 m - 5 scrolls of teleportation
 v - 2 scrolls of amnesia
 w - a scroll of butterflies
 H - 2 scrolls of enchant armour
 N - a scroll of silence
Potions
 d - 3 potions of attraction {unknown}
 f - a potion of flight {unknown}
 j - 4 potions of invisibility
 l - a potion of berserk rage
 o - a potion of degeneration {unknown}
 p - 6 potions of brilliance
 q - 4 potions of might
 r - 3 potions of heal wounds
 s - a potion of ambrosia {unknown}
 t - 2 potions of mutation {unknown}
 A - 2 potions of cancellation {unknown}
 E - 5 potions of curing
 L - 2 potions of magic


   Skills:
 * Level 5.6 Fighting
 - Level 4.0 Maces & Flails
 * Level 5.7 Armour
 - Level 4.0 Dodging
 - Level 4.0 Stealth
 - Level 4.0 Spellcasting
 * Level 4.0 Conjurations
 - Level 4.0 Transmutations
 * Level 2.6 Fire Magic
 + Level 15.0 Earth Magic
 * Level 3.0 Evocations


You had 4 spell levels left.
You knew the following spells:

 Your Spells              Type           Power      Damage    Failure   Level
a - Sandblast             Erth           100%       2d20      1%          1
b - Stone Arrow           Conj/Erth      100%       3d13      1%          3
c - Petrify               Tmut/Erth      58%        N/A       2%          4
d - Searing Ray           Conj           60%        2d6       1%          2
e - Flame Wave            Conj/Fire      26%        2d8       9%          4

Your spell library contained the following spells:

 Spells                   Type           Power      Damage    Failure   Level
 Lightning Bolt           Conj/Air       9%         1d21      36%         5
 Shock                    Conj/Air       72%        1d7       1%          1
 Passwall                 Tmut/Erth      48%        N/A       1%          2
 Beastly Appendage        Tmut           60%        N/A       2%          1
 Wereblood                Tmut           30%        N/A       3%          2
 Dazzling Flash           Conj/Hex       36%        N/A       4%          3
 Poisonous Vapours        Pois/Air       12%        N/A       5%          2
 Iskenderun's Mystic Bla  Conj/Tloc      18%        2d6       16%         4
 Spider Form              Tmut/Pois      18%        N/A       17%         3
 Airstrike                Air            3%         2d(1-17)  32%         4
 Summon Guardian Golem    Hex/Summ       6%         N/A       36%         3
 Swiftness                Air            6%         N/A       36%         3
 Cause Fear               Hex            3%         N/A       78%         4
 Corpse Rot               Necr/Pois/Air  6%         N/A       78%         4
 Starburst                Conj/Fire      13%        6d5       75%         6
 Orb of Destruction       Conj           15%        9d7       99%         7
 Dragon Form              Tmut           15%        N/A       100%        7
 Malign Gateway           Summ/Tloc      3%         N/A       100%        7
 Spellforged Servitor     Conj/Summ      9%         N/A       100%        7
 Summon Hydra             Summ           3%         N/A       100%        7
 Summon Horrible Things   Summ           3%         N/A       100%        8
 Dragon's Call            Summ           3%         N/A       100%        9
 Sublimation of Blood     Necr           Unusable   N/A       N/A         2

Dungeon Overview and Level Annotations

Branches:
Dungeon (10/15)            Temple (1/1) D:7             Orc (0/2) D:10
  Sewer (visited)          Bailey (visited)
   Lair: D:8-11

Altars:
Ashenzari
Cheibriados
Dithmenos
Fedhas
Hepliaklqana
Kikubaaqudgha
Makhleb
Okawaru
Ru
Sif Muna
Trog
Uskayaw
Vehumet
Wu Jian
Xom
Yredelemnul
Zin

Shops:
D:2 (


Innate Abilities, Weirdness & Mutations

You are immune to sickness and miasma.
Your stone body is resilient. (AC +8)
You are immune to poison.
You resist negative energy. (rN+)
You are resistant to electric shocks. (rElec)
You are resistant to unholy torment.
You are immune to petrification.


Message History

Confirm with . or Enter, or press ? or * to list all spells.
Aiming: Sandblast (safe; 1% risk of failure)
Press: ? - help, Shift-Dir - straight line, f/p - gargoyle
Aim: a gargoyle, wielding a +0 flail (heavily damaged, 93% to hit)
The blast of sand hits the gargoyle but does no damage.
The gargoyle is heavily damaged.
The gargoyle hits you but does no damage.
The gargoyle hits you with a +0 flail!
Casting: Sandblast (safe; 1% risk of failure)
Confirm with . or Enter, or press ? or * to list all spells.
Aiming: Sandblast (safe; 1% risk of failure)
Press: ? - help, Shift-Dir - straight line, f/p - gargoyle
Aim: a gargoyle, wielding a +0 flail (heavily damaged, 93% to hit)
The blast of sand hits the gargoyle but does no damage.
The gargoyle is heavily damaged.
The gargoyle hurls a stone arrow at you.
The stone arrow hits you!!
Casting: Sandblast (safe; 1% risk of failure)
Confirm with . or Enter, or press ? or * to list all spells.
Aiming: Sandblast (safe; 1% risk of failure)
Press: ? - help, Shift-Dir - straight line, f/p - gargoyle
Aim: a gargoyle, wielding a +0 flail (heavily damaged, 93% to hit)
The blast of sand hits the gargoyle but does no damage.
The gargoyle is heavily damaged.
The gargoyle closely misses you. The gargoyle barely misses you.
Unknown command.
The gargoyle attacks as you move away! The gargoyle barely misses you.
The gargoyle attacks as you move away! The gargoyle hits you with a +0 flail!
* * * LOW HITPOINT WARNING * * *
The gargoyle hurls a stone arrow at you.
The stone arrow misses you.
The gargoyle hurls a stone arrow at you.
The stone arrow hits you but does no damage.
The gargoyle hurls a stone arrow at you.
The stone arrow misses you.
Items here: )))).
There is a stone staircase leading up here.
The gargoyle hurls a stone arrow at you.
The stone arrow hits you!!
You die...

###.........# ####..###.
............#####..[÷...##
##..........##.......>....
.........[................
.#............#...........
.......[[.....#).........[
........................†.
#...........)9............
...#.....@.##.....÷.).....
.#..#.....#######.........
..........# #..#../...
###.####..# ##.##......
... #[#######.......... ..
#.#...........#....
#.#................
................... .#
...............##


You could see a gargoyle.

Vanquished Creatures
  Josephine (D:10)
  2 two-headed ogres
  An orc knight (Bailey)
  Joseph (D:10)
  Sigmund (D:3)
  2 shadows
  5 wraiths
  A vampire (D:10)
  A wyvern (D:8)
  6 yaks (D:8)
  A human (D:10)
  The ghost of sigtrap the Shooter, an amateur BaHu (D:3)
  Edmund (D:4)
  2 wargs
  A water moccasin (D:5)
  An acid dragon (D:8)
  A sky beast (D:7)
  Pargi (Sewer)
  9 orc warriors
  5 ice beasts
  An ogre (D:4)
  7 centaurs
  A necrophage (D:6)
  6 bullfrogs
  2 gnoll sergeants
  5 scorpions
  A wight (D:8)
  19 killer bees
  2 howler monkeys (D:9)
  A crimson imp (D:4)
  A bullfrog skeleton (D:3)
  2 hounds
  A jelly (D:7)
  Crazy Yiuf (D:5)
  10 orc priests
  A centaur skeleton (D:3)
  2 gnoll boudas (D:5)
  Jessica (D:3)
  An iguana (D:7)
  11 orc wizards
  Natasha (D:3)
  17 gnolls
  8 adders
  2 howler monkey skeletons (D:3)
  A river rat (D:5)
  A shadow imp (D:7)
  2 white imps
  A worm (D:2)
  2 dart slugs
  48 orcs
  9 bats
  4 endoplasms
  5 giant cockroaches
  8 goblins
  3 hobgoblins
  7 jackals
  4 quokkas
  7 ball pythons
  9 frilled lizards
  5 kobolds
  6 rats
270 creatures vanquished.

Notes
Turn   | Place    | Note
-------+----------+-------------------------------------------
     0 | D:1      | sweetbreads the Gargoyle Earth Elementalist began the quest
                  | for the Orb.
     0 | D:1      | Reached XP level 1. HP: 10/10 MP: 3/3
   198 | D:2      | Reached skill level 1 in Transmutations
   198 | D:2      | Reached XP level 2. HP: 16/16 MP: 0/5
   329 | D:1      | Reached skill level 4 in Earth Magic
   375 | D:1      | Reached skill level 1 in Fighting
   375 | D:1      | Reached XP level 3. HP: 7/20 MP: 0/6
   856 | D:1      | Learned a level 3 spell: Stone Arrow
  1000 | D:1      | Reached XP level 4. HP: 25/25 MP: 5/7
  1588 | D:3      | Found a bloodstained altar of Trog.
  1705 | D:2      | Found Purig's Antique Weapon Shop.
  1806 | D:2      | Found a faded altar of an unknown god.
  1949 | D:3      | Reached skill level 5 in Earth Magic
  2064 | D:3      | Identified the +1 ring mail of Happy Babbling {Will++
                  | Int+7}
  2130 | D:3      | Noticed Sigmund
  2275 | D:4      | Noticed Edmund
  2275 | D:4      | Noticed an ogre
  2374 | D:4      | Identified the +0 chain mail "Pulatoes" {Harm}
  2384 | D:4      | Reached XP level 5. HP: 29/29 MP: 2/8
  2437 | D:4      | Reached skill level 1 in Conjurations
  2521 | D:3      | Found a runed translucent gate.
  2521 | D:3      | Found a runed translucent gate.
  2522 | D:3      | Found a runed translucent gate.
  2525 | D:3      | Noticed sigtrap's ghost (amateur BaHu)
  2659 | D:3      | Noticed Jessica
  2664 | D:3      | Killed Jessica
  2716 | D:4      | Found a snail-covered altar of Cheibriados.
  2716 | D:4      | Found a shadowy altar of Dithmenos.
  2889 | D:3      | Noticed Natasha
  2892 | D:3      | Killed Natasha
  3041 | D:3      | Reached skill level 6 in Earth Magic
  3041 | D:3      | Reached XP level 6. HP: 34/35 MP: 2/9
  3075 | D:3      | Learned a level 4 spell: Petrify
  3319 | D:4      | Found a burning altar of Makhleb.
  3319 | D:4      | Found a radiant altar of Vehumet.
  3340 | D:4      | Became a worshipper of Vehumet
  3474 | D:5      | Entered Level 5 of the Dungeon
  3495 | D:5      | Noticed a water moccasin
  3502 | D:5      | Killed a water moccasin
  3503 | D:5      | Reached XP level 7. HP: 36/40 MP: 5/10
  3578 | D:5      | Reached skill level 7 in Earth Magic
  3691 | D:5      | Found a glowing drain.
  3696 | Sewer    | Entered a sewer
  3722 | Sewer    | Noticed Pargi
  3730 | Sewer    | Killed Pargi
  4046 | D:5      | Found a runed translucent door.
  4047 | D:5      | Noticed Crazy Yiuf
  4051 | D:5      | Killed Crazy Yiuf
  4101 | D:5      | Reached skill level 8 in Earth Magic
  4101 | D:5      | Reached XP level 8. HP: 46/46 MP: 5/11
  4616 | D:5      | Reached * piety under Vehumet
  4616 | D:5      | Offered knowledge of Foxfire by Vehumet.
  4834 | D:5      | Found the +7 Kryia's mail coat {PotionHeal*2 rC+}
  4977 | D:2      | Bought a translucent morningstar for 216 gold pieces
  4977 | D:2      | Identified the +1 morningstar of Ru's Castigation {pain,
                  | Int+3 Dex+5} (You bought it in a shop on level 2 of the
                  | Dungeon)
  4999 | D:4      | Killed Edmund
  5000 | D:4      | Reached skill level 9 in Earth Magic
  5308 | D:6      | Reached skill level 1 in Armour
  5602 | D:6      | Reached skill level 10 in Earth Magic
  5602 | D:6      | Reached XP level 9. HP: 23/52 MP: 3/12
  6457 | D:7      | Reached skill level 1 in Maces & Flails
  6531 | D:7      | Found a shimmering altar of Xom.
  6610 | D:7      | Reached ** piety under Vehumet
  6612 | D:7      | Offered knowledge of Scorch by Vehumet.
  7152 | D:7      | Found a staircase to the Ecumenical Temple.
  7419 | Temple   | Entered the Ecumenical Temple
  7900 | D:8      | Reached skill level 11 in Earth Magic
  7928 | D:8      | Found a flagged portal.
  7937 | Bailey   | Entered a bailey
  8097 | Bailey   | Reached XP level 10. HP: 27/56 MP: 10/16
  8104 | Bailey   | Noticed an orc knight
  8135 | Bailey   | Killed an orc knight
  8393 | Bailey   | Offered knowledge of Searing Ray by Vehumet.
  8397 | Bailey   | Learned a level 2 spell: Searing Ray
  8405 | Bailey   | Found a large runed translucent door.
  8405 | Bailey   | Found a large runed translucent door.
  8423 | Bailey   | Noticed a deep elf zephyrmancer
  8425 | Bailey   | Found the +10 tower shield of Ignorance {rN+ Int-4}
  8573 | Bailey   | Identified the +0 ring mail of Freedom {+Inv rC+ rCorr
                  | Int+4}
  8693 | D:8      | Reached skill level 12 in Earth Magic
  8901 | D:8      | Reached *** piety under Vehumet
  8902 | D:8      | Reached skill level 13 in Earth Magic
  9902 | D:9      | Reached skill level 1 in Evocations
  9905 | D:9      | Offered knowledge of Flame Wave by Vehumet.
 10053 | D:9      | Reached XP level 11. HP: 53/62 MP: 12/17
 10061 | D:9      | Learned a level 4 spell: Flame Wave
 10375 | D:9      | Noticed a two-headed ogre
 10386 | D:9      | Killed a two-headed ogre
 10387 | D:9      | Reached skill level 1 in Fire Magic
 10387 | D:9      | Reached skill level 14 in Earth Magic
 10459 | D:10     | Entered Level 10 of the Dungeon
 10461 | D:10     | Reached skill level 5 in Armour
 10461 | D:10     | Noticed Josephine
 10645 | D:10     | Reached skill level 5 in Fighting
 10657 | D:10     | Noticed Joseph
 10916 | D:3      | Killed sigtrap's ghost
 10916 | D:3      | Reached **** piety under Vehumet
 10991 | D:3      | Killed Sigmund
 11306 | D:10     | Noticed a two-headed ogre
 11331 | D:9      | Offered knowledge of Lightning Bolt by Vehumet.
 11648 | D:10     | Killed Josephine
 11736 | D:10     | Killed a two-headed ogre
 11834 | D:10     | Killed Joseph
 11835 | D:10     | Reached skill level 15 in Earth Magic
 11966 | D:10     | Found a staircase to the Orcish Mines.
 12024 | D:10     | Killed from afar by a gargoyle

Illustrated notes

Levels and vault maps discovered:
D:1:      lordsloth_arrival_two_stooges, layout_basic, minmay_split_cup_small
D:2:      layout_rooms, serial_shops, shop, ebering_ecumenical_altar_rust
D:3:      layout_loops_ring, nicolae_overflow_crystal_walls,
          gammafunk_ghost_necromancy, uniq_jessica, uniq_natasha, uniq_sigmund
D:4:      layout_loops_ring, grunt_temple_overflow_lords_of_destruction,
          nicolae_overflow_two_pavilions, kennysheep_generic_room_9, uniq_edmund
D:5:      layout_loops_ring, gup_sewer_entry_spiral, chequers_decorated_corner,
          kennysheep_generic_room_7, uniq_crazy_yiuf_cottage
D:6:      layout_loops_ring, hellmonk_bongcloud_opening
D:7:      layout_loops_ring, mainiacjoe_overflow_24_doors,
          minmay_temple_entry_poolview, grunt_ministairs_12
D:8:      minmay_general_purpose_star, layout_loops_ring, enter_bailey_8
D:9:      layout_roguey
D:10:     layout_rooms, minitemple, old_standard_altar, erik_orc_4, uniq_joseph,
          uniq_josephine
Temple:   minmay_temple_curvy_loop

Skill      XL: |  1  2  3  4  5  6  7  8  9 10 11 |
---------------+----------------------------------+-----
Transmutations | 1 3 4 |  4.0
Earth Magic    | 4 5 6 8 10 11 13 15 | 15.0
Fighting       | 1 2 3 4 5 |  5.6
Dodging        | 2 3 4 |  4.0
Stealth        | 3 4 |  4.0
Conjurations   | 1 2 3 4 |  4.0
Armour         | 1 3 4 5 |  5.7
Maces & Flails | 2 4 |  4.0
Spellcasting   | 4 |  4.0
Evocations     | 1 3 |  3.0
Fire Magic     | 2 |  2.6

Action                   |  1- 3 |  4- 6 |  7- 9 | 10-12 || total
-------------------------+-------+-------+-------+-------++-------
Melee: Unarmed           |    17 |       |       |       ||    17
       Club              |     1 |       |       |       ||     1
       Mace              |       |    23 |     1 |       ||    24
       Morningstar       |       |       |       |     6 ||     6
Throw: Dart              |       |       |       |    10 ||    10
 Cast: Sandblast         |    36 |    93 |   189 |   252 ||   570
       Petrify           |       |       |       |     7 ||     7
       Searing Ray       |       |       |       |     3 ||     3
Evoke: Wand              |       |       |       |     3 ||     3
  Use: Scroll            |       |     4 |     9 |     1 ||    14
       Potion            |       |       |       |     1 ||     1
Armor: Robe              |    13 |    15 |    37 |     6 ||    71
       Ring mail         |       |       |       |    74 ||    74
Dodge: Dodged            |    20 |    58 |    78 |   160 ||   316
